 Dungeon Crawl Stone Soup version 0.25-a0-734-g73332aeda9 (webtiles) character file.

Game seed: 14299409024948273459, levelgen mode: deterministic

457 Ezendos the Grave Robber (level 6, 0/48 HPs)
             Began as a Vampire Necromancer on Apr 11, 2020.
             Was a Believer of Dithmenos.
             Slain by a worm (10 damage)
             ... on level 5 of the Dungeon.
             The game lasted 00:21:06 (4397 turns).

Ezendos the Grave Robber (Vampire Necromancer)      Turns: 4397, Time: 00:21:07

Health: 0/48       AC:  3    Str:  9    XL:     6   Next: 77%
Magic:  9/10       EV: 12    Int: 18    God:    Dithmenos [**....]
Gold:   240        SH:  0    Dex: 14    Spells: 5/11 levels left

rFire    . . .     SeeInvis +   w - +2 spear (venom)
rCold    . . .     Gourm    .   (no shield)
rNeg     . . .     Faith    .   g - +0 leather armour (curse)
rPois    .         Spirit   .   (no helmet)
rElec    .         Reflect  .   (no cloak)
rCorr    .         Harm     .   (no gloves)
MR       .....                  (no boots)
Stlth    ++++......             (no amulet)
HPRegen  0.36/turn              j - ring of stealth
MPRegen  0.12/turn              (no ring)

@: about to teleport, very slightly contaminated, regenerating quickly, wreathed
by umbra
A: no food, fangs 3, see invisible, unbreathing
a: Exsanguinate, Shadow Step, Renounce Religion


You were on level 5 of the Dungeon.
You worshipped Dithmenos.
Dithmenos was pleased with you.
You were alive.

You visited 1 branch of the dungeon, and saw 5 of its levels.

You collected 240 gold pieces.

Inventory:

Hand Weapons
 b - a +0 short sword
 d - a +2 hand axe of electrocution
 n - a +0 dagger
 s - a +0 long sword
 t - a +0 hunting sling
 w - a +2 spear of venom (weapon)
Missiles
 c - 26 sling bullets
Armour
 a - a +0 robe
 g - a cursed +0 leather armour (worn)
 v - a +0 ring mail
Jewellery
 j - a ring of stealth (left hand)
Scrolls
 e - 2 scrolls of fear
 f - 3 scrolls of remove curse
 p - 3 scrolls of teleportation
 r - a scroll of magic mapping
Potions
 h - 2 potions of stabbing
 k - 3 potions of curing
 u - a potion of flight


   Skills:
 + Level 3.9 Fighting
 - Level 3.1 Short Blades
 - Level 2.4 Dodging
 - Level 5.0 Stealth
 - Level 3.0 Spellcasting
 - Level 5.0 Necromancy


You had 5 spell levels left.
You knew the following spells:

 Your Spells              Type           Power        Failure   Level  Hunger
a - Pain                  Necr           ###.         3%          1    N/A
b - Animate Skeleton      Necr           N/A          3%          1    N/A
c - Vampiric Draining     Necr           ###.......   9%          3    N/A
d - Foxfire               Conj/Fire      #...         22%         1    N/A

Your spell library contained the following spells:

 Spells                   Type           Power        Failure   Level  Hunger
 Animate Dead             Necr           N/A          28%         4    N/A
 Conjure Flame            Conj/Fire      #.......     56%         3    N/A
 Inner Flame              Hex/Fire       #.......     56%         3    N/A
 Agony                    Necr           ###.....     63%         5    N/A
 Sticky Flame             Conj/Fire      #.......     92%         4    N/A
 Fireball                 Conj/Fire      #.........   99%         5    N/A

Dungeon Overview and Level Annotations

Branches:
Dungeon (5/15)
 Temple: D:4-7

Altars:
Dithmenos
Uskayaw
Wu Jian
Zin


Innate Abilities, Weirdness & Mutations

You do not eat.
Your natural rate of healing is unusually fast.
You have razor-sharp teeth.
You have supernaturally acute eyesight. (SInv)
You can survive without breathing.


Message History

r - Retreat! s - Stop attacking. g - Guard the area. f - Follow me.
Anything else - Cancel.
Retreat in which direction?
Press: ? - help, Dir - move target cursor, f - you, p - worm
Okay, then.
Blink to where?
Press: ? - help, Dir - move target cursor, p - worm You are very lightly contaminated with residual magic.
As you read the scroll of blinking, it crumbles to dust.
The phantom blinks!
The phantom hits you.
The phantom blinks!
As you read the scroll of teleportation, it crumbles to dust.
You feel strangely unstable. The phantom hits you!
* * * LOW HITPOINT WARNING * * *
You hit the worm.
The worm is poisoned.
The worm is lightly wounded.
The phantom hits you but does no damage.
The worm bites you!
You die...

#.## #... # #..#
#. #..# ##.#..#
......############
....†.....>......#
##.#.###########w#
#. ##### #@# .#
#<.†# #W# #.
###.####.# #w
#..†...# .
######## .


You could see a phantom and a worm.

Vanquished Creatures
  A phantom (D:4)
  2 orc priests
  An orc wizard (D:3)
  A worker ant (D:4)
  3 adders
  2 gnolls
  A dart slug (D:1)
  2 leopard geckos
  15 orcs
  14 bats
  6 goblins
  4 hobgoblins
  13 jackals
  4 kobolds
  A quokka (D:4)
  4 frilled lizards
  A jackal skeleton (D:4)
  A leopard gecko skeleton (D:4)
  A quokka skeleton (D:4)
  8 rats
85 creatures vanquished.

Vanquished Creatures (collateral kills)
  A centaur (D:4)
  A howler monkey (D:4)
  A gnoll (D:3)
  An adder (D:3)
  An ooze (D:3)
  2 hobgoblins
  A bat (D:2)
  3 goblins (D:3)
  A rat (D:3)
12 creatures vanquished.

Vanquished Creatures (others)
  23 foxfires (D:4)
23 creatures vanquished.

Grand Total: 120 creatures vanquished

Notes
Turn   | Place    | Note
-------+----------+-------------------------------------------
     0 | D:1      | Ezendos the Vampire Necromancer began the quest for the
                  | Orb.
     0 | D:1      | Reached XP level 1. HP: 13/13 MP: 3/3
     2 | D:1      | Learned a level 1 spell: Animate Skeleton
   300 | D:1      | Reached XP level 2. HP: 15/19 MP: 3/5
   476 | D:1      | Reached skill level 1 in Fighting
   876 | D:1      | Reached XP level 3. HP: 26/26 MP: 4/6
  1241 | D:2      | Found a shadowy altar of Dithmenos.
  1269 | D:2      | Became a worshipper of Dithmenos the Shadowed
  1313 | D:2      | Reached skill level 1 in Short Blades
  1816 | D:3      | Found a hide-covered altar of Uskayaw.
  1816 | D:3      | Found an ornate altar of the Wu Jian Council.
  1816 | D:3      | Found a glowing silver altar of Zin.
  2201 | D:3      | Reached XP level 4. HP: 27/29 MP: 3/7
  2573 | D:3      | Reached * piety under Dithmenos
  2918 | D:3      | HP: 1/30 [orc priest/+0 flail (3)]
  2920 | D:3      | Reached XP level 5. HP: 2/36 MP: 0/8
  3180 | D:4      | Learned a level 3 spell: Vampiric Draining
  3209 | D:4      | Noticed a centaur
  3288 | D:4      | Learned a level 1 spell: Foxfire
  3291 | D:4      | Noticed a phantom
  3449 | D:4      | Reached XP level 6. HP: 27/42 MP: 1/9
  3810 | D:4      | Reached skill level 5 in Necromancy
  3862 | D:4      | Reached skill level 5 in Stealth
  4327 | D:5      | Entered Level 5 of the Dungeon
  4389 | D:5      | Reached ** piety under Dithmenos
  4397 | D:5      | Slain by a worm

Levels and vault maps discovered:
D:1:      dpeg_arrival_circle_labyrinth_a, layout_basic
D:2:      minmay_inner_zag, layout_rooms, grunt_dithmenos_smoke
D:3:      layout_basic, grunt_temple_overflow_open
D:4:      layout_cave_pools
D:5:      layout_basic, first_ration

Skill      XL: |  1  2  3  4  5  6 |
---------------+-------------------+-----
Fighting       | 1 2 3 |  3.9
Short Blades   | 1 2 3 |  3.1
Stealth        | 4 5 |  5.0
Necromancy     | 5 |  5.0
Spellcasting   | 3 |  3.0
Dodging        | |  2.4

Action                   |  1- 3 |  4- 6 || total
-------------------------+-------+-------++-------
Melee: Short sword       |    66 |    13 ||    79
       Bite              |     2 |    13 ||    15
       Dagger            |    13 |    26 ||    39
       Spear             |       |    31 ||    31
       Hand axe          |       |    31 ||    31
 Cast: Pain              |    45 |    62 ||   107
       Animate Skeleton  |     5 |     9 ||    14
       Foxfire           |       |    14 ||    14
 Abil: Exsanguinate      |     1 |       ||     1
       Revivify          |     1 |       ||     1
  Use: Scroll            |       |    11 ||    11
       Potion            |       |     5 ||     5
 Stab: Sleeping          |     9 |     3 ||    12
Armor: Robe              |    10 |       ||    10
       Leather armour    |     2 |    10 ||    12
Dodge: Dodged            |    57 |    85 ||   142

Table legend:
 A = Non-vault XP
 B = Vault XP
 C = Vault XP percentage of total XP
 D = Non-vault monster count
 E = Vault monster count
 F = Vault count percentage of total count
                 A         B        C        D         E       F
            +---------+---------+-------+---------+---------+-------
      Total |     647 |       7 |   1.1 |      93 |       4 |   4.1
            +---------+---------+-------+---------+---------+-------
        D:1 |      44 |       0 |   0.0 |      28 |       0 |   0.0
        D:2 |      39 |       7 |  15.2 |      10 |       4 |  28.6
        D:3 |     178 |       0 |   0.0 |      30 |       0 |   0.0
        D:4 |     374 |       0 |   0.0 |      19 |       0 |   0.0
        D:5 |      12 |       0 |   0.0 |       6 |       0 |   0.0
            +---------+---------+-------+---------+---------+-------
